 Dungeon Crawl Stone Soup version 0.30.1 (webtiles) character file.

Game seed: 13098368455389908725

14 spardeous the Ducker (level 2, -8/11 HPs)
             Began as a Felid Earth Elementalist on July 14, 2023.
             Blown up by Ijyb (19 damage)
             ... with a mindburst bolt
             ... on level 3 of the Dungeon.
             The game lasted 00:00:32 (354 turns).

spardeous the Ducker (Felid Earth Elementalist)      Turns: 354, Time: 00:00:34

Health: -8/11      AC:  1    Str:  4    XL:     2   Next: 27%
Magic:  5/6        EV: 18    Int: 16    God:
Gold:   43         SH:  0    Dex: 16    Spells: 4/5 levels left
                                        Lives:  0   Deaths: 0

rFire   . . .        (weapon unavailable)
rCold   . . .        (shield unavailable)
rNeg    . . .        (body armour unavailable)
rPois   .            (helmet unavailable)
rElec   .            (cloak unavailable)
rCorr   .            (gloves unavailable)
SInv    +            (boots unavailable)
Will    .....        (no amulet)
Stlth   ++           (no ring)
HPRegen 0.21/turn    (no ring)
MPRegen 0.10/turn

%: no passive effects
@: quick
A: very small, claws 1, fangs 3, see invisible, speed 1, shaggy fur 1, stealthy
paws, no weapons or thrown items, no armour, multi-lived
a: no special abilities


You were on level 3 of the Dungeon.
You visited 1 branch of the dungeon, and saw 3 of its levels.

You collected 43 gold pieces.

Inventory:

Scrolls
 b - a scroll of identify {unknown}
Potions
 a - a potion of magic


   Skills:
 + Level 3.4 Dodging
 - Level 2.6 Stealth
 - Level 2.0 Spellcasting
 - Level 1.1 Transmutations
 + Level 3.1 Earth Magic


You had 4 spell levels left.
You knew the following spells:

 Your Spells              Type           Power      Damage    Failure   Level
a - Sandblast             Erth           22%        2d7       6%          1

Your spell library contained the following spells:

 Spells                   Type           Power      Damage    Failure   Level
 Passwall                 Tmut/Erth      6%         N/A       13%         2
 Stone Arrow              Conj/Erth      12%        3d7       32%         3
 Petrify                  Tmut/Erth      8%         N/A       65%         4


Dungeon Overview and Level Annotations

Branches:
Dungeon (3/15)

Altars:

Annotations:
D:3 Ijyb


Innate Abilities, Weirdness & Mutations

You have sharp claws.
You have razor-sharp teeth.
You have supernaturally acute eyesight. (SInv)
You cover ground quickly. (Speed+)
You are covered in fur. (AC +1)
Your paws help you pounce on unaware monsters.
You are incapable of wielding weapons or throwing items.
You cannot wear armour.
You gain extra lives every three experience levels.


Message History

Aiming: Sandblast (safe; 6% risk of failure)
Press: ? - help, Shift-Dir - straight line, f/p - ball python
Aim: a ball python (80% to hit)
The blast of sand hits the ball python!
You kill the ball python!
Found an escape hatch in the floor.
(D) Dungeon
Where to? (Enter - D:1 @ (x,y), ? - help) Sorry, I don't know how to get there.
There is an escape hatch in the floor here.
You slide downwards.
The hatch slams shut behind you.
Found 15 gold pieces.
A bat is nearby!
A bat is nearby!
A bat is nearby!
No target in view!
No target in view!
Casting: Sandblast (safe; 6% risk of failure)
Confirm with . or Enter, or press ? or * to list all spells.
Aiming: Sandblast (safe; 6% risk of failure)
Press: ? - help, Shift-Dir - straight line, f - bat
Aim: a bat (73% to hit)
The blast of sand hits the bat.
You kill the bat!
Magic restored.
You now have 43 gold pieces (gained 15).
You open the gate.
Ijyb the Twisted Goblin comes into view.
She is wielding a +0 dagger and carrying a wand of mindburst (10).
Found a bubbling sapphire potion.
Ijyb shouts!
There is an open gate here.
Casting: Sandblast (safe; 6% risk of failure)
Confirm with . or Enter, or press ? or * to list all spells.
Aiming: Sandblast (safe; 6% risk of failure)
Press: ? - help, Shift-Dir - straight line, f - Ijyb
Aim: Ijyb, wielding a +0 dagger, wearing a +0 chain mail and carrying a wand of mindburst (10) (82% to hit)
The blast of sand hits Ijyb but does no damage.
Ijyb zaps a wand.
Your mind is blasted!
Ouch! That really hurt!
You die...

#...§≈§## #≈§≈§.
#≈..§≈§≈## #≈§≈≈..
#...§§§§###≈≈≈≈...
#.§.§§≈§≈≈≈§≈...#
##...§≈§§§§≈...#
##......§.§..#
##.....§...##
##≈.....≈##
###''@###
#........#
#.........#
#.......#.#
#..g....#
#.......#
.##.....# ♣.
#######


You could see Ijyb.

Vanquished Creatures
  An adder (D:2)
  A ball python (D:2)
  A bat (D:3)
  A frilled lizard (D:2)
  A kobold (D:1)
  A rat (D:2)
6 creatures vanquished.

Notes
Turn   | Place    | Note
-------+----------+-------------------------------------------
     0 | D:1      | spardeous the Felid Earth Elementalist began the quest for
                  | the Orb.
     0 | D:1      | Reached XP level 1. HP: 7/7 MP: 4/4
     6 | D:1      | Noticed a lindwurm
     6 | D:1      | Noticed a snapping turtle
     6 | D:1      | Noticed a redback
     7 | D:1      | Noticed a water moccasin
     7 | D:1      | Noticed a polar bear
   143 | D:2      | Reached XP level 2. HP: 8/11 MP: 0/6
   352 | D:3      | Noticed Ijyb
   354 | D:3      | Blown up by Ijyb

Illustrated notes

Levels and vault maps discovered:
D:1:      onia_arrival_zoo_common, layout_basic, hangedman_decor_slide_cut,
          minmay_misc_feat_nine_boxes
D:2:      layout_loops_ring, uniq_jessica
D:3:      layout_basic, kennysheep_donut, amcnicky_mini_rare_corridor_liquid,
          nicolae_eternal_life, uniq_ijyb, uniq_grinder

Skill      XL: |  1 |
---------------+----+-----
Dodging        | 3 |  3.4
Earth Magic    | 3 |  3.1
Stealth        | |  2.6
Spellcasting   | |  2.0
Transmutations | |  1.1

Action                     || total
---------------------------++-------
   Cast: Sandblast         ||    12
  Dodge: Dodged            ||     8
